 Dungeon Sprint DCSS version 0.30.1-11-g7821555f0a (webtiles) character file.

Game seed: 15252699123500683052

10 Groucho the Sneak (level 2, 0/12 (14) HPs)
             Began as a Spriggan Enchanter on Dec 11, 2023.
             Slain by a necrophage (3 damage)
             ... in the Dungeon (Sprint II: "The Violet Keep of Menkaure").
             The game lasted 00:00:33 (27 turns).

Groucho the Sneak (Spriggan Enchanter)                Turns: 27, Time: 00:00:34

HP:   0/12 (14)     AC:  2    Str:  4    XL:     2   Next: 10%
MP:   7/7           EV: 18    Int: 16    God:
Gold: 243           SH:  0    Dex: 15    Spells: 7/7 levels left

rFire   . . .        a - +1 dagger
rCold   . . .        (no shield)
rNeg    . . .        b - +0 robe
rPois   .            (helmet restricted)
rElec   .            (no cloak)
rCorr   .            (gloves unavailable)
SInv    +            (boots unavailable)
Will    .....        (no amulet)
Stlth   +++          (no ring)
HPRegen 0.22/turn    (no ring)
MPRegen 0.10/turn

%: no teleportation
@: hasted, heavily drained, invisible, very quick
A: very small, no large weapons, unfitting armour, see invisible, speed 3
a: no special abilities


You were in the Dungeon.
You visited 1 branch You collected 243 gold pieces.

Inventory:

Hand Weapons
 a - a +1 dagger (weapon)
Armour
 b - a +0 robe (worn)
Scrolls
 i - a scroll of blinking
Potions
 c - a potion of invisibility
 d - a potion of curing
 e - a potion of heal wounds
 g - 2 potions of magic
 h - a potion of berserk rage


   Skills:
 + Level 1.1 Fighting
 + Level 2.0 Short Blades
 + Level 3.4 Dodging
 + Level 5.3 Stealth
 + Level 3.3 Spellcasting
 + Level 4.1 Hexes


You had 7 spell levels left.
You didn't know any spells.
Your spell library contained the following spells:

 Spells                   Type           Power      Damage    Failure   Level
 Confusing Touch          Hex            16%        N/A       10%         3
 Tukima's Dance           Hex            16%        N/A       10%         3
 Ensorcelled Hibernation  Hex/Ice        18%        N/A       12%         2
 Dazzling Flash           Conj/Hex       18%        N/A       22%         3


Dungeon Overview and Level Annotations

Branches:
Dungeon (1/1)

Altars:


Innate Abilities, Weirdness & Mutations

You are very small and have problems with some larger weapons.
You are too small for most types of armour.
You have supernaturally acute eyesight. (SInv)
You cover ground extremely quickly. (Speed+++)


Message History

You puncture the worm!
You kill the worm!
Your Fighting skill increases to level 1!
Your Stealth skill increases to level 5!
Your Hexes skill increases to level 4!
The helpless worm fails to defend itself.
You impale the worm!!
You kill the worm!
Your Short Blades skill increases to level 2!
You have reached level 2!
Unknown command.
You see here a worm corpse.
You now have 243 gold pieces.
You see here a worm corpse.
There is an open door here.
You open the door. 4 necrophages come into view.
There is an open door here.
Found 243 gold pieces.
The helpless necrophage fails to defend itself.
You impale the necrophage!!
The necrophage is almost destroyed.
The necrophage completely misses you.
You barely miss the necrophage.
The necrophage is almost destroyed.
The necrophage closely misses you. The necrophage hits you.
You feel drained.
You barely miss the necrophage.
The necrophage is almost destroyed.
You closely miss the necrophage.
The necrophage is almost destroyed.
The necrophage hits you.
You feel drained.
* * * LOW HITPOINT WARNING * * *
You closely miss the necrophage.
The necrophage is almost destroyed.
Unknown command.
You catch the helpless necrophage completely off-guard!
You puncture the necrophage!
You destroy the necrophage!
The necrophage hits you.
You die...

#+##
###..##
#.##††#
#.#.####
##'###†##
##.##@n.#
+.<.'##$+
##.##.n.#
#+# #n##
##


You could see a necrophage (unable to see you).

Vanquished Creatures
  A necrophage (D)
  3 worms (D)
4 creatures vanquished.

Notes
Turn   | Place    | Note
-------+----------+-------------------------------------------
     0 | D        | Groucho the Spriggan Enchanter began the quest for the Orb.
     0 | D        | Reached XP level 1. HP: 9/9 MP: 5/5
    10 | D        | Reached skill level 1 in Fighting
    10 | D        | Reached skill level 5 in Stealth
    11 | D        | Reached XP level 2. HP: 14/14 MP: 7/7
    19 | D        | Noticed a necrophage
    19 | D        | Noticed a necrophage
    19 | D        | Noticed a necrophage
    19 | D        | Noticed a necrophage
    27 | D        | Killed a necrophage
    27 | D        | Slain by a necrophage

Illustrated notes

Levels and vault maps discovered:
D:        the_violet_keep_of_menkaure [sprint2_stairs_cluster_1,
          sprint2_shoproom, sprint2_temple, sprint2_basic_supplies,
          sprint2_obstacle_5, sprint2_obstacle_2, sprint2_obstacle_7,
          sprint2_obstacle_4, sprint2_obstacle_1, sprint2_timed_cluster_1,
          sprint2_smallroom_cluster_1, sprint2_smallroom_final_cluster_1,
          sprint2_transparent_cluster_1, sprint2_second_timed_cluster_1,
          sprint2_sniper_area_1, sprint2_heavy_combat_area_1,
          sprint2_mutation_trap_area_1, sprint2_forest_area_1,
          sprint2_light_combat_area_1, sprint2_behind_water_1,
          sprint2_near_end_vault_1]

Skill      XL: |  1 |
---------------+----+-----
Dodging        | 3 |  3.4
Spellcasting   | 3 |  3.3
Fighting       | 1 |  1.1
Stealth        | 5 |  5.3
Hexes          | 4 |  4.1
Short Blades   | 2 |  2.0

Action                     || total
---------------------------++-------
  Melee: Dagger            ||     9
    Use: Potion            ||     2
   Stab: Sleeping          ||     4
         Invisible         ||     1
  Dodge: Dodged            ||     2
